 Dungeon Crawl Stone Soup version 0.29.1-15-g9cfb28693d (webtiles) character file.

Game seed: 4916263666957482044

693 kingofthe the Covert (level 7, -6/36 HPs)
             Began as a Deep Elf Conjurer on Apr 9, 2023.
             Was an Initiate of Sif Muna.
             Mangled by Pikel
             ... wielding a +2 whip of flaming
              (7 damage)
             ... on level 5 of the Dungeon.
             The game lasted 00:13:14 (4905 turns).

kingofthe the Covert (Deep Elf Conjurer)            Turns: 4905, Time: 00:13:14

Health: -6/36      AC:  4    Str: 10    XL:     7   Next: 37%
Magic:  12/16      EV: 14    Int: 23    God:    Sif Muna [......]
Gold:   216        SH:  5    Dex: 15    Spells: 9/16 levels left

rFire   + . .      SeeInvis .   a - staff of conjuration {!a}
rCold   . . .      Faith    .   (no shield)
rNeg    . . .      Spirit   .   h - +0 robe
rPois   .          Reflect  +   (no helmet)
rElec   .          Harm     .   (no cloak)
rCorr   .          Rampage  .   z - +1 pair of gloves
Will    .....                   (no boots)
Stlth   ++++......              j - amulet of reflection
HPRegen 0.12/turn               F - ring of protection from fire
MPRegen 0.15/turn               S - +6 ring of strength

@: studying Stealth
A: no striking features
a: Renounce Religion


You were on level 5 of the Dungeon.
You worshipped Sif Muna.
Sif Muna was noncommittal.
You visited 1 branch of the dungeon, and saw 5 of its levels.

You collected 216 gold pieces.


   Skills:
 * Level 5.7 Dodging
 * Level 8.1 Stealth
 + Level 5.2 Spellcasting
 + Level 5.6 Conjurations
 + Level 2.7 Hexes


You had 9 spell levels left.
You knew the following spells:

 Your Spells              Type           Power      Damage    Failure   Level
a - Magic Dart            Conj           100%       1d8       1%          1
b - Searing Ray           Conj           96%        2d7       1%          2
c - Fulminant Prism       Conj/Hex       19%        3d11      16%         4

Your spell library contained the following spells:

 Spells                   Type           Power      Damage    Failure   Level
 Dazzling Flash           Conj/Hex       76%        N/A       4%          3
 Summon Small Mammal      Summ           20%        N/A       10%         1
 Summon Guardian Golem    Hex/Summ       12%        N/A       16%         3
 Call Canine Familiar     Summ           5%         N/A       28%         3
 Iskenderun's Mystic Bla  Conj/Tloc      28%        2d7       28%         4

Inventory:

Hand Weapons
 b - a +1 dagger of flaming
 c - a +0 dagger of freezing
Missiles
 l - 4 boomerangs of dispersal {=f}
Armour
 h - a +0 robe (worn)
 z - a +1 pair of gloves (worn)
Magical Staves
 a - a staff of conjuration (weapon) {!a}
Jewellery
 j - an amulet of reflection (around neck)
 v - a ring of see invisible
 F - a ring of protection from fire (left hand)
 S - a +6 ring of strength (right hand)
Wands
 y - a wand of light (2)
Scrolls
 e - a scroll of torment {unknown}
 k - a scroll of identify {@r1}
 m - a scroll of poison {unknown}
 n - a scroll of enchant armour {unknown}
 p - 2 scrolls of brand weapon {unknown}
 q - a scroll of immolation {unknown}
 r - a scroll of fog
 s - a scroll of fear {unknown}
 t - a scroll of blinking {unknown}
 w - a scroll of summoning {unknown}
 x - a scroll of magic mapping
Potions
 d - a potion of ambrosia {unknown}
 f - a potion of magic
 g - 2 potions of flight
 i - a potion of invisibility {unknown}
 o - a potion of haste {unknown}
 u - 2 potions of curing {unknown}

Dungeon Overview and Level Annotations

Branches:
Dungeon (5/15)
 Temple: D:4-7

Altars:
Ashenzari
Cheibriados
Fedhas
Nemelex Xobeh
Okawaru
Sif Muna
Wu Jian
The Shining One

Shops:
D:4 ?

Annotations:
D:2 1 runed translucent door, Crazy Yiuf
D:3 Return with dig
D:4 exclusion: ogre
D:5 3 runed translucent doors, exclusion: ogre, LustLizard's ghost, amateur DgTm; Pikel

*......,,,,,,,*#)#.#...## #....
*......♣,,,,,,*#)#.##.## #.##.
*....o..,,,,,,*#.#.##.# #.##.
*,,....),,,,,,*#.#.##.######.##.
*,,,,...,,,,,,*#.#..)........##.
*****##'#####*##§####.######.##.
*,* #..)O..###§§.###.###....##)
*,* #.###.5§55§#...#........##.
#.####.# #.###K@§§..#......#.##.
#.#....# #.###.§§.).##.#.#.#.##.
#......###.#...§§§.....##....##.
*..O.......#.#..................
**..........#................###
**...#*####.###....###.#.####
*#..# #.###....# #)#.# #<.#
#).......###.#.# #..#
####..#....#)#.#


You could see Pikel and 2 lemures.


Message History

The searing ray hits Pikel but does no damage.
Pikel is lightly wounded.
Pikel hits you with a +2 whip of flaming.
Pikel burns you.
The searing ray hits Pikel.
Pikel is moderately wounded.
You finish channelling your searing ray.
Pikel hits you with a +2 whip of flaming!
* * * LOW HITPOINT WARNING * * *
A lemure comes into view.
Pikel attacks as you move away!
Pikel hits you with a +2 whip of flaming.
* * * LOW HITPOINT WARNING * * *
Pikel attacks as you move away!
Pikel hits you with a +2 whip of flaming!
* * * LOW HITPOINT WARNING * * *
Pikel burns you.
* * * LOW HITPOINT WARNING * * *
Okay, then.
As you read the scroll labelled GELOQELALUI, it crumbles to dust.
The scroll dissolves into smoke.
It was a scroll of fog.
You block Pikel's attack.
As you read the scroll labelled VIYVUE MEQEPU, it crumbles to dust.
You feel aware of your surroundings.
It was a scroll of magic mapping.
You block Pikel's attack.
As you read the scroll labelled VOAKKU DIAQA, it crumbles to dust.
It is a scroll of identify.
g - 2 potions of flight Pikel hits you with a +2 whip of flaming!
You die...

Skill      XL: |  1  2  3  4  5  6  7 |
---------------+----------------------+-----
Stealth        | 3 5 6 7 8 |  8.1
Dodging        | 3 4 5 |  5.7
Spellcasting   | 4 5 |  5.2
Conjurations   | 5 |  5.6
Hexes          | 1 2 |  2.7

Action                   |  1- 3 |  4- 6 |  7- 9 || total
-------------------------+-------+-------+-------++-------
 Cast: Magic Dart        |    52 |    39 |     8 ||    99
       Searing Ray       |    16 |    29 |     4 ||    49
  Use: Scroll            |       |       |     3 ||     3
Dodge: Dodged            |     1 |     3 |       ||     4
Block: Other             |       |     4 |     2 ||     6

Levels and vault maps discovered:
D:1:      scummos_arrival_hexagon, layout_basic,
          chequers_ecumenical_altar_island
D:2:      layout_loops_ring, uniq_crazy_yiuf_cottage
D:3:      layout_basic, mainiacjoe_overflow_alcove_4,
          nicolae_sif_muna_little_library, gammafunk_temple_overflow_wave,
          uniq_jessica
D:4:      layout_cave_pools, nemelex_xobeh_ov_fountains_minmay, serial_shops,
          nicolae_take_the_stairs, uniq_natasha
D:5:      layout_loops_ring, nicolae_wu_jian_immortal_techniques,
          nicolae_overflow_hidden_temple, ebering_ghost_rock_garden,
          kennysheep_generic_room_2, uniq_pikel, uniq_sigmund

Notes
Turn   | Place    | Note
-------+----------+-------------------------------------------
     0 | D:1      | kingofthe the Deep Elf Conjurer began the quest for the
                  | Orb.
     0 | D:1      | Reached XP level 1. HP: 10/10 MP: 6/6
   188 | D:1      | Reached XP level 2. HP: 15/15 MP: 6/8
   191 | D:1      | Learned a level 2 spell: Searing Ray
   301 | D:1      | Found a faded altar of an unknown god.
   505 | D:1      | Reached skill level 3 in Stealth
   703 | D:1      | Reached skill level 3 in Dodging
   842 | D:1      | Reached XP level 3. HP: 19/19 MP: 3/10
  1082 | D:2      | Found a runed translucent door.
  1083 | D:2      | Noticed Crazy Yiuf
  1781 | D:2      | Reached XP level 4. HP: 24/24 MP: 7/11
  2004 | D:3      | Reached skill level 4 in Stealth
  2447 | D:3      | Found a blossoming altar of Fedhas.
  2447 | D:3      | Noticed Jessica
  2458 | D:3      | Killed Jessica
  2459 | D:3      | Reached skill level 4 in Spellcasting
  2560 | D:3      | Reached skill level 4 in Dodging
  2560 | D:3      | Reached skill level 5 in Stealth
  2560 | D:3      | Reached skill level 5 in Conjurations
  2560 | D:3      | Reached XP level 5. HP: 16/28 MP: 7/13
  2705 | D:3      | Found a broken altar of Ashenzari.
  2705 | D:3      | Found an iron altar of Okawaru.
  2743 | D:3      | Found a shimmering blue altar of Sif Muna.
  2747 | D:3      | Became a worshipper of Sif Muna the Loreminder
  2792 | D:4      | Found Sefeebynk's Magic Scroll Boutique.
  2803 | D:4      | You fall into a shaft and drop 1 floor!
  2803 | D:5      | Entered Level 5 of the Dungeon
  2803 | D:5      | Found a runed translucent gate.
  2803 | D:5      | Found a runed translucent gate.
  2803 | D:5      | Found a runed translucent gate.
  2804 | D:5      | Noticed LustLizard's ghost (amateur DgTm)
  2817 | D:5      | Found a snail-covered altar of Cheibriados.
  2819 | D:5      | Found a glowing golden altar of the Shining One.
  2834 | D:4      | Noticed an ogre
  2843 | D:4      | Learned a level 4 spell: Fulminant Prism
  2863 | D:4      | Noticed Natasha
  2869 | D:4      | Killed Natasha
  2937 | D:4      | Reached skill level 1 in Hexes
  3005 | D:4      | Reached skill level 6 in Stealth
  3005 | D:4      | Reached XP level 6. HP: 32/32 MP: 6/14
  3188 | D:4      | Found a sparkling altar of Nemelex Xobeh.
  3432 | D:4      | Noticed Natasha
  3434 | D:4      | Killed Natasha
  3475 | D:4      | Noticed Natasha
  3478 | D:4      | Killed Natasha
  3825 | D:5      | Found an ornate altar of the Wu Jian Council.
  3853 | D:5      | Reached skill level 5 in Dodging
  3944 | D:5      | Reached skill level 7 in Stealth
  4015 | D:5      | Reached skill level 2 in Hexes
  4187 | D:5      | Noticed Pikel
  4562 | D:5      | Reached XP level 7. HP: 36/36 MP: 6/16
  4758 | D:5      | Identified a +1 robe of the Archmagi
  4758 | D:5      | Noticed Sigmund
  4762 | D:5      | Killed Sigmund
  4763 | D:5      | Reached skill level 8 in Stealth
  4763 | D:5      | Reached skill level 5 in Spellcasting
  4901 | D:5      | HP: 3/36 [Pikel/+2 whip of flaming (8)]
  4901 | D:5      | HP: 1/36 [Pikel/+2 whip of flaming (2)]
  4905 | D:5      | Mangled by Pikel

Vanquished Creatures
  Sigmund (D:5)
  2 lemures (D:5)
  A necrophage (D:4)
  A scorpion (D:5)
  A hound (D:4)
  A gnoll bouda (D:5)
  An orc priest (D:3)
  Jessica (D:3)
  Natasha (thrice) (D:4)
  An iguana (D:5)
  9 adders
  3 gnolls (D:5)
  A shadow imp (D:5)
  A worm (D:2)
  2 dart slugs
  10 orcs
  7 endoplasms
  4 giant cockroaches
  4 goblins
  7 hobgoblins
  2 quokkas
  4 ball pythons
  6 bats (D:1)
  5 frilled lizards
  4 kobolds
  4 rats
86 creatures vanquished.

Table legend: (Time is in decaauts)
 A = Elapsed time spent in this place.
 B = Non-inter-level travel time spent in this place.
 C = Inter-level travel time spent in this place.
 D = Time resting spent in this place.
 E = Time spent auto-exploring this place.
 F = Levels seen in this place.
 G = Mean time per level.
                   A        B        C        D        E       F      G
               +--------+--------+--------+--------+--------+-----+--------+
         Total |   4911 |   4809 |    102 |    438 |   3746 |   5 |  982.2 |
       Dungeon |   4911 |   4809 |    102 |    438 |   3746 |   5 |  982.2 |
               +--------+--------+--------+--------+--------+-----+--------+

Top non-repeatable levels by time:
     D:5: 1253 daAuts
     D:2: 1056 daAuts
     D:1: 942 daAuts
     D:4: 892 daAuts
     D:3: 766 daAuts

Table legend:
 A = Non-vault XP
 B = Vault XP
 C = Vault XP percentage of total XP
 D = Non-vault monster count
 E = Vault monster count
 F = Vault count percentage of total count
                 A         B        C        D         E       F
            +---------+---------+-------+---------+---------+-------
      Total |     687 |     304 |  30.7 |      81 |       3 |   3.6
            +---------+---------+-------+---------+---------+-------
        D:1 |      42 |       0 |   0.0 |      24 |       0 |   0.0
        D:2 |      55 |       0 |   0.0 |      16 |       0 |   0.0
        D:3 |      84 |      37 |  30.6 |      12 |       1 |   7.7
        D:4 |     232 |      36 |  13.4 |      10 |       1 |   9.1
        D:5 |     274 |     231 |  45.7 |      19 |       1 |   5.0
            +---------+---------+-------+---------+---------+-------
